 Dungeon Crawl Stone Soup version 0.28-b1-1-g3c77fb2ed1 (webtiles) character file.

Game seed: 2856300966943927005

64 boopmooplesden the Twirler (level 3, -1/30 HPs)
             Began as a Minotaur Gladiator on Jan 31, 2022.
             Succumbed to Sigmund's poison
             ... on level 3 of the Dungeon.
             The game lasted 00:02:22 (2068 turns).

boopmooplesden the Twirler (Minotaur Gladiator)     Turns: 2068, Time: 00:02:23

Health: -1/30      AC:  5    Str: 20    XL:     3   Next: 91%
Magic:  2/2        EV: 12    Int:  5    God:
Gold:   40         SH:  0    Dex: 11    Spells: 2/2 levels left

rFire   . . .      SeeInvis .   a - +0 quarterstaff
rCold   . . .      Faith    .   (shield currently unavailable)
rNeg    . . .      Spirit   .   b - +0 leather armour
rPois   .          Reflect  .   l - +2 hat
rElec   .          Harm     .   (no cloak)
rCorr   .          Rampage  .   (no gloves)
Will    .....                   (no boots)
Stlth   +.........              (no amulet)
HPRegen 0.10/turn               (no ring)
MPRegen 0.08/turn               (no ring)

@: lethally poisoned (-1 -> -16)
A: horns 2, retaliatory headbutt
a: no special abilities


You were on level 3 of the Dungeon.
You visited 1 branch of the dungeon, and saw 3 of its levels.

You collected 40 gold pieces.

Inventory:

Hand Weapons
 a - a +0 quarterstaff (weapon)
Armour
 b - a +0 leather armour (worn)
 c - a +0 hat
 h - a +0 chain mail
 i - a +0 scale mail
 l - a +2 hat (worn)
Jewellery
 f - a ring of fire
Scrolls
 g - 3 scrolls of amnesia {unknown}
 j - a scroll of fog {unknown}
 k - a scroll of immolation {unknown}
Potions
 e - 3 potions of brilliance {unknown}


   Skills:
 + Level 2.7 Fighting
 + Level 4.4 Staves
 + Level 2.1 Throwing
 + Level 1.3 Armour
 + Level 4.2 Dodging


You had 2 spell levels left.
You didn't know any spells.
Your spell library was empty.

Dungeon Overview and Level Annotations

Branches:
Dungeon (3/15)

Altars:
Wu Jian

Annotations:
D:3 Sigmund


Innate Abilities, Weirdness & Mutations

You have a pair of horns on your head.
You reflexively headbutt those who attack you in melee.


Message History

Something tries to affect you, but you resist.
The now-empty wand crumbles to dust.
You are confused.
You bump into the rock wall.
You bump into the rock wall.
A puff of flame appears from out of thin air!
The puff of flame hits you!
* * * LOW HITPOINT WARNING * * *
You bump into the rock wall.
You feel less confused.
A puff of flame appears from out of thin air!
The puff of flame hits you.
* * * LOW HITPOINT WARNING * * *
Sigmund appears from thin air!
Reactivating autopickup.
Sigmund points at you and mumbles some strange words.
You resist with significant effort.
There is a stone staircase leading up here.
You climb upwards.
There is a stone staircase leading down here.
You start resting.
HP restored.
You climb downwards.
Level annotation: Sigmund Sigmund smiles chillingly.
There is a stone staircase leading up here.
Sigmund hits you with a +7 scythe of venom!
Ouch! That really hurt!
You are lethally poisoned!
You hit Sigmund.
Sigmund is lightly wounded.
* * * LOW HITPOINT WARNING * * *
You feel very sick.
You barely miss Sigmund. You headbutt Sigmund.
Sigmund is lightly wounded.
* * * LOW HITPOINT WARNING * * *
You feel very sick. Sigmund barely misses you.
You hit Sigmund. You headbutt Sigmund.
Sigmund is heavily wounded.
You die...

#.##.........#.#
#.##.....##..#.#
#.######.##..#.#
##........##..#.#
#.........##..#.#
##.#####..##..#.#
#.#...#.###..#.#
#@#@#.#......#.#
#.#@#.#####....#
#.#<#.# ######
#.###@# #.....#
#.##### #.# ###


You could see Sigmund.

Vanquished Creatures
  2 adders (D:2)
  A worm (D:2)
  A dart slug (D:1)
  3 ball pythons
  5 bats
  A giant cockroach (D:1)
  2 goblins (D:2)
  A hobgoblin (D:2)
  10 jackals
  2 quokkas (D:2)
  5 frilled lizards
  A kobold (D:2)
  3 rats
37 creatures vanquished.

Notes
Turn   | Place    | Note
-------+----------+-------------------------------------------
     0 | D:1      | boopmooplesden the Minotaur Gladiator began the quest for
                  | the Orb.
     0 | D:1      | Reached XP level 1. HP: 18/18 MP: 0/0
   285 | D:1      | Reached XP level 2. HP: 25/25 MP: 1/1
   986 | D:2      | Reached XP level 3. HP: 30/30 MP: 2/2
  1079 | D:2      | Found an ornate altar of the Wu Jian Council.
  1213 | D:2      | Reached skill level 1 in Armour
  1315 | D:2      | Found a faded altar of an unknown god.
  1660 | D:3      | Noticed Sigmund
  2068 | D:3      | Succumbed to Sigmund's poison

Illustrated notes

Levels and vault maps discovered:
D:1:      dpeg_arrival_windows_large_door, layout_rooms
D:2:      layout_loops_cross, basic_altar, shapermc_ecumenical_altar_petra,
          chequers_serial_rivers_small_a
D:3:      layout_basic, uniq_sigmund

Skill      XL: |  1  2  3 |
---------------+----------+-----
Staves         | 4 |  4.4
Dodging        | 4 |  4.2
Armour         | 1 |  1.3
Fighting       | |  2.7
Throwing       | |  2.1

Action                   || total
-------------------------++-------
Melee: Quarterstaff      ||    75
       Headbutt          ||     9
       Unarmed           ||     7
Throw: Throwing net      ||     3
Armor: Leather armour    ||    32
Dodge: Dodged            ||    76
